 Dungeon Sprint DCSS version 0.29.1-1-gd02db6906a (webtiles) character file.

Game seed: 13291859940152347958

11500000 Ofeo the Axe Maniac (level 27, -4/266 HPs)
             Began as a Palentonga Warper on Sept 17, 2022.
             Was the Champion of Makhleb.
             Killed by divine providence
             ... invoked by an accursed
              (16 damage)
             ... in the Dungeon (Sprint VIII: "Arena of Blood").
             The game lasted 00:04:09 (115 turns).

Ofeo the Axe Maniac (Palentonga Warper)              Turns: 115, Time: 00:04:10

Health: -4/266     AC: 15    Str: 17    XL:     27
Magic:  44/54      EV: 20    Int: 25    God:    Makhleb [******]
Gold:   0          SH:  0    Dex: 12    Spells: 80/80 levels left

rFire   + . .      SeeInvis +   d - +∞ Axe of Woe
rCold   . . .      Faith    .   (shield currently unavailable)
rNeg    . . .      Spirit   .   a - +0 leather armour
rPois   .          Reflect  .   (no helmet)
rElec   .          Harm     .   (no cloak)
rCorr   .          Rampage  .   (no gloves)
Will    ++...      NoTele   +   (no barding)
Stlth   +++++++++.              (no amulet)
HPRegen 0.54/turn               i - ring of protection from fire
MPRegen 0.34/turn               (no ring)

@: lethally poisoned (-4 -> -49), slowed, curled up, very slow
A: large, rugged brown scales 3, see invisible, deformed body, roll 1, armoured
tail, reflexive curl
a: Rolling Charge, Renounce Religion, Minor Destruction, Lesser Servant of
Makhleb, Major Destruction, Greater Servant of Makhleb


You were in the Dungeon.
You worshipped Makhleb.
Makhleb was exalted by your worship.
You visited 1 branch

Inventory:

Hand Weapons
 d - the +∞ Axe of Woe (weapon)
   (You found it in the Dungeon)
Missiles
 c - 6 boomerangs of dispersal
Armour
 a - a +0 leather armour (worn)
Jewellery
 i - a ring of protection from fire (left hand)
Scrolls
 b - 2 scrolls of blinking {@r4}
Potions
 e - a potion of berserk rage
 f - a potion of heal wounds {@q2}
 g - 2 potions of magic
 h - a potion of haste {@q3}
 q - a potion of curing {@q1}


   Skills:
 O Level 27 Fighting
 O Level 27 Short Blades
 O Level 27 Long Blades
 O Level 27 Axes
 O Level 27 Maces & Flails
 O Level 27 Polearms
 O Level 27 Staves
 O Level 27 Ranged Weapons
 O Level 27 Throwing
 O Level 27 Armour
 O Level 27 Dodging
 O Level 27 Stealth
 O Level 27 Shields
 O Level 27 Unarmed Combat
 O Level 27 Spellcasting
 O Level 27 Conjurations
 O Level 27 Hexes
 O Level 27 Summonings
 O Level 27 Necromancy
 O Level 27 Translocations
 O Level 27 Transmutations
 O Level 27 Fire Magic
 O Level 27 Ice Magic
 O Level 27 Air Magic
 O Level 27 Earth Magic
 O Level 27 Poison Magic
 O Level 27 Invocations
 O Level 27 Evocations


You had 80 spell levels left.
You didn't know any spells.
Your spell library contained the following spells:

 Spells                   Type           Power      Damage    Failure   Level
 Blink                    Tloc           100%       N/A       0%          2
 Gell's Gravitas          Tloc           100%       N/A       0%          3
 Lesser Beckoning         Tloc           100%       N/A       0%          3
 Teleport Other           Tloc           100%       N/A       0%          3
 Manifold Assault         Tloc           100%       N/A       0%          5


Dungeon Overview and Level Annotations

Branches:
Dungeon (1/1)

Altars:
Makhleb


Innate Abilities, Weirdness & Mutations

You are completely covered in rugged brown scales. (AC +3, +7% HP)
You have supernaturally acute eyesight. (SInv)
Armour fits poorly on your strangely shaped body.
You can roll at nearby foes to attack.
You have a long armoured tail.
You curl defensively after being hit. (AC +7*)


Message History

You hear a shout!
You take 12 damage, and have 57/266 hp.
Roll where?
Press: ? - help, Q - select action, (/) - cycle Dir - move target, f - dread
Aim: a dread You roll forward with a clatter of scales!
A meat berserker, 2 observers and 2 tyrants come into view.
The observer turns its gaze towards you.
You slice the dread!!
You cleave the dread in twain.
You destroy the dread!
Makhleb accepts your kill.
You feel better.
You slice the accursed!!
You cleave the accursed in twain.
You destroy the accursed!
Makhleb accepts your kill.
You feel better.
You feel extremely nervous for a moment...
Pain shoots through your body!!
The eight-headed meat hydra appears out of thin air!
An eight-headed meat hydra comes into view.
You feel very sick.
The meat berserker rages.
You hear a shout! x4
An accursed comes into view.
A tyrant comes into view.
You hear a shout!
The large bag of meat is engulfed in blazing flames.
You hear a shout!
The scourge throws poison at you. The bolt of poison hits you!!!
You are more poisoned.
* * * LOW HITPOINT WARNING * * *
The observer gazes at you. Something smites you!
* * * LOW HITPOINT WARNING * * *
A meat beast comes into view.
The meat berserker is engulfed in blazing flames.
The accursed points at you and mumbles some strange words.
Something smites you!
You die...

))..#.§°..#...o..D#.....#
))...###..WM......#_.<._# .
))).##...O#L......#.....#....
..†#....)L.O#GG......_.......
.))#L..).)))...)..o.###......
.)o)))))))..)))###.......###.
...).))V.......S.#)§.....#
..o)))...........#o§.....#
.....LMo#.......@O§.......
..))...#.#.#......o........
...)))..#.#.....).........
.###)..#.#.#...))).......G ..
##...#.#)..).#)..D....# .
#.......).).)........#
...##.......##.#.......
...##.......§......2..
##......####.§§.#.....


You could see an accursed, a meat beast (wandering, fast), 2 tyrants, an
eight-headed meat hydra (wandering), 2 observers, a scourge, a large bag of meat
(inner flame), 2 meat berserkers, a wretched soul (invisible) and 2 bags of
meat.

Vanquished Creatures
  10 hell beasts (D)
  11 royal mummies (D)
  A great orb of eyes (D)
  6 wraiths (D)
  Harold (D)
  11 vampire knights (D)
  38 ogres (D)
  10 two-headed ogres (D)
  6 liches (D)
  2 hydras (D)
  4 phantoms (D)
  101 orcs (D)
  13 skeletal warriors (D)
  A sea snake (D)
215 creatures vanquished.

Notes
Turn   | Place    | Note
-------+----------+-------------------------------------------
     0 | D        | Found the +∞ Axe of Woe
     0 | D        | Ofeo the Palentonga Warper began the quest for the Orb.
     0 | D        | Reached XP level 1. HP: 17/17 MP: 3/3
     1 | D        | Noticed a bag of meat
     2 | D        | Noticed a bag of meat
     3 | D        | Became a worshipper of Makhleb the Destroyer
     5 | D        | Noticed a bag of meat
     6 | D        | Noticed a bag of meat
     7 | D        | Noticed a bag of meat
     7 | D        | Noticed a bag of meat
     7 | D        | Killed a bag of meat
     8 | D        | Reached XP level 2. HP: 23/23 MP: 5/5
     8 | D        | Reached XP level 3. HP: 28/28 MP: 6/6
     8 | D        | Reached XP level 4. HP: 35/35 MP: 7/7
     8 | D        | Reached XP level 5. HP: 40/40 MP: 8/8
     8 | D        | Reached XP level 6. HP: 47/47 MP: 9/9
     8 | D        | Gained mutation: You curl defensively after being hit. (AC
                  | +7*) [Palentonga growth]
     8 | D        | Reached XP level 7. HP: 53/53 MP: 10/10
     8 | D        | Reached XP level 8. HP: 59/59 MP: 11/11
     8 | D        | Reached XP level 9. HP: 65/65 MP: 12/12
     8 | D        | Reached XP level 10. HP: 71/71 MP: 13/13
     8 | D        | Noticed a bag of meat
     8 | D        | Killed a bag of meat
     8 | D        | Reached * piety under Makhleb
     8 | D        | Noticed a bag of meat
     9 | D        | Reached skill level 27 in Axes
     9 | D        | Reached XP level 11. HP: 95/95 MP: 14/14
     9 | D        | Noticed a meat berserker
     9 | D        | Noticed a meat berserker
    10 | D        | Noticed a bag of meat
    10 | D        | Noticed a bag of meat
    11 | D        | Noticed a large bag of meat
    12 | D        | Killed a meat berserker
    12 | D        | Killed a meat berserker
    12 | D        | Killed a bag of meat
    12 | D        | Reached ** piety under Makhleb
    12 | D        | Killed a bag of meat
    13 | D        | Reached skill level 27 in Fighting
    13 | D        | Reached skill level 5 in Maces & Flails
    13 | D        | Reached XP level 12. HP: 61/147 MP: 15/15
    13 | D        | Reached XP level 13. HP: 65/155 MP: 16/16
    13 | D        | Reached XP level 14. HP: 68/163 MP: 17/17
    13 | D        | Noticed a meat berserker
    13 | D        | Noticed a destroyer
    13 | D        | Noticed a meat berserker
    14 | D        | Noticed a meat berserker
    14 | D        | Noticed a bag of meat
    14 | D        | Noticed a bag of meat
    14 | D        | Noticed a bag of meat
    14 | D        | Noticed a meat berserker
    14 | D        | Noticed a bag of meat
    14 | D        | Noticed a bag of meat
    14 | D        | Noticed a meat berserker
    15 | D        | Killed a bag of meat
    15 | D        | Noticed a bag of meat
    15 | D        | Noticed a bag of meat
    15 | D        | Noticed a bag of meat
    15 | D        | Noticed a bag of meat
    15 | D        | Noticed a bag of meat
    15 | D        | Noticed a destroyer
    15 | D        | Noticed a bag of meat
    16 | D        | Reached skill level 5 in Stealth
    16 | D        | Killed a meat berserker
    16 | D        | Reached *** piety under Makhleb
    16 | D        | Killed a bag of meat
    16 | D        | Killed a bag of meat
    17 | D        | Reached skill level 10 in Stealth
    17 | D        | Reached XP level 15. HP: 139/170 MP: 18/18
    17 | D        | Reached **** piety under Makhleb
    18 | D        | Killed a meat berserker
    19 | D        | Reached XP level 16. HP: 178/178 MP: 19/19
    19 | D        | Killed a meat berserker
    20 | D        | Reached skill level 15 in Armour
    20 | D        | Reached skill level 15 in Dodging
    20 | D        | Killed a meat berserker
    21 | D        | Killed a destroyer
    21 | D        | Reached ***** piety under Makhleb
    21 | D        | Killed a large bag of meat
    21 | D        | Killed a meat berserker
    21 | D        | Noticed a destroyer
    21 | D        | Noticed a meat berserker
    22 | D        | Reached XP level 17. HP: 139/186 MP: 20/20
    22 | D        | Killed a destroyer
    22 | D        | Killed a destroyer
    22 | D        | Noticed a meat berserker
    23 | D        | Reached XP level 18. HP: 194/194 MP: 21/21
    23 | D        | Noticed a large bag of meat
    23 | D        | Reached ****** piety under Makhleb
    23 | D        | Noticed a large bag of meat
    24 | D        | Reached skill level 27 in Maces & Flails
    25 | D        | Reached XP level 19. HP: 202/202 MP: 22/22
    27 | D        | Reached skill level 27 in Armour
    27 | D        | Reached skill level 27 in Dodging
    27 | D        | Noticed a destroyer
    28 | D        | Reached skill level 27 in Stealth
    28 | D        | Reached skill level 1 in Short Blades
    28 | D        | Reached skill level 1 in Long Blades
    28 | D        | Reached skill level 1 in Polearms
    28 | D        | Reached skill level 1 in Staves
    28 | D        | Reached skill level 1 in Ranged Weapons
    28 | D        | Reached skill level 1 in Throwing
    28 | D        | Reached skill level 1 in Shields
    28 | D        | Reached skill level 1 in Conjurations
    28 | D        | Reached skill level 1 in Hexes
    28 | D        | Reached skill level 1 in Summonings
    28 | D        | Reached skill level 1 in Necromancy
    28 | D        | Reached skill level 1 in Transmutations
    28 | D        | Reached skill level 1 in Fire Magic
    28 | D        | Reached skill level 1 in Ice Magic
    28 | D        | Reached skill level 1 in Air Magic
    28 | D        | Reached skill level 1 in Earth Magic
    28 | D        | Reached skill level 1 in Poison Magic
    28 | D        | Reached skill level 1 in Invocations
    28 | D        | Reached skill level 1 in Evocations
    28 | D        | Killed a destroyer
    28 | D        | Noticed a meat berserker
    28 | D        | Noticed The Servant
    29 | D        | Reached XP level 20. HP: 210/210 MP: 22/26
    29 | D        | Killed a meat berserker
    30 | D        | Reached skill level 5 in Polearms
    30 | D        | Reached skill level 5 in Shields
    30 | D        | Reached skill level 5 in Conjurations
    30 | D        | Reached skill level 5 in Summonings
    30 | D        | Reached skill level 5 in Fire Magic
    30 | D        | Reached skill level 5 in Ice Magic
    30 | D        | Reached skill level 5 in Air Magic
    30 | D        | Reached skill level 5 in Earth Magic
    30 | D        | Reached skill level 5 in Poison Magic
    30 | D        | Reached skill level 5 in Evocations
    30 | D        | Killed a large bag of meat
    30 | D        | Killed a meat berserker
    31 | D        | Reached skill level 10 in Ranged Weapons
    31 | D        | Reached XP level 21. HP: 187/218 MP: 22/33
    31 | D        | Noticed a large bag of meat
    32 | D        | Reached skill level 10 in Invocations
    32 | D        | Killed a large bag of meat
    32 | D        | Noticed a destroyer
    33 | D        | Reached skill level 10 in Short Blades
    33 | D        | Reached skill level 10 in Long Blades
    33 | D        | Reached skill level 10 in Staves
    33 | D        | Reached skill level 10 in Unarmed Combat
    33 | D        | Reached skill level 10 in Hexes
    33 | D        | Reached skill level 10 in Necromancy
    33 | D        | Reached skill level 10 in Translocations
    33 | D        | Reached skill level 10 in Transmutations
    35 | D        | Noticed a destroyer
    36 | D        | Noticed a large bag of meat
    37 | D        | Reached skill level 10 in Polearms
    37 | D        | Reached skill level 10 in Shields
    37 | D        | Reached skill level 10 in Spellcasting
    37 | D        | Reached skill level 10 in Conjurations
    37 | D        | Reached skill level 10 in Earth Magic
    37 | D        | Reached skill level 10 in Evocations
    37 | D        | Killed a destroyer
    37 | D        | Noticed a large bag of meat
    38 | D        | Reached XP level 22. HP: 197/226 MP: 23/36
    38 | D        | Killed The Servant
    39 | D        | Reached skill level 10 in Summonings
    39 | D        | Reached skill level 10 in Fire Magic
    39 | D        | Reached skill level 10 in Ice Magic
    39 | D        | Reached skill level 10 in Air Magic
    39 | D        | Reached skill level 10 in Poison Magic
    40 | D        | Reached skill level 15 in Ranged Weapons
    40 | D        | Reached skill level 10 in Throwing
    41 | D        | Reached skill level 15 in Invocations
    41 | D        | Noticed a destroyer
    42 | D        | Reached XP level 23. HP: 234/234 MP: 24/40
    45 | D        | Reached skill level 15 in Short Blades
    45 | D        | Reached skill level 15 in Long Blades
    45 | D        | Reached skill level 15 in Staves
    45 | D        | Reached skill level 15 in Unarmed Combat
    45 | D        | Reached skill level 15 in Hexes
    45 | D        | Reached skill level 15 in Necromancy
    45 | D        | Reached skill level 15 in Translocations
    45 | D        | Reached skill level 15 in Transmutations
    45 | D        | Killed a destroyer
    45 | D        | Killed a large bag of meat
    46 | D        | Reached skill level 15 in Polearms
    46 | D        | Reached skill level 15 in Shields
    46 | D        | Reached skill level 15 in Spellcasting
    46 | D        | Reached skill level 15 in Earth Magic
    46 | D        | Reached skill level 15 in Evocations
    46 | D        | Reached XP level 24. HP: 223/242 MP: 25/42
    47 | D        | Reached skill level 15 in Conjurations
    49 | D        | Killed a destroyer
    50 | D        | Reached skill level 15 in Summonings
    50 | D        | Reached skill level 15 in Ice Magic
    50 | D        | Reached skill level 15 in Poison Magic
    50 | D        | Noticed an accursed
    51 | D        | Reached skill level 15 in Fire Magic
    51 | D        | Reached skill level 15 in Air Magic
    52 | D        | Killed a large bag of meat
    53 | D        | Reached XP level 25. HP: 235/250 MP: 26/44
    54 | D        | Reached skill level 15 in Throwing
    56 | D        | Killed a large bag of meat
    56 | D        | Noticed an accursed
    58 | D        | Noticed a tyrant
    58 | D        | Killed an accursed
    58 | D        | Noticed an accursed
    59 | D        | Reached XP level 26. HP: 111/258 MP: 28/46
    59 | D        | Noticed a meat beast
    63 | D        | Noticed a large bag of meat
    63 | D        | Noticed a meat beast
    63 | D        | Killed an accursed
    63 | D        | Noticed a large bag of meat
    64 | D        | Reached XP level 27. HP: 234/266 MP: 29/47
    64 | D        | Killed an accursed
    66 | D        | Reached skill level 27 in Ranged Weapons
    66 | D        | Noticed a meat beast
    67 | D        | Killed a meat beast
    68 | D        | Noticed a meat beast
    68 | D        | Killed a large bag of meat
    69 | D        | Killed a meat beast
    70 | D        | Reached skill level 27 in Invocations
    70 | D        | Noticed a meat beast
    71 | D        | Killed a meat beast
    72 | D        | Killed a tyrant
    72 | D        | Killed a meat beast
    73 | D        | Reached skill level 27 in Short Blades
    73 | D        | Reached skill level 27 in Long Blades
    73 | D        | Reached skill level 27 in Staves
    73 | D        | Reached skill level 27 in Unarmed Combat
    73 | D        | Reached skill level 27 in Hexes
    73 | D        | Reached skill level 27 in Necromancy
    73 | D        | Reached skill level 27 in Translocations
    73 | D        | Reached skill level 27 in Transmutations
    73 | D        | Noticed a meat beast
    74 | D        | Killed a large bag of meat
    75 | D        | Killed a meat beast
    76 | D        | Reached skill level 27 in Polearms
    76 | D        | Reached skill level 27 in Shields
    76 | D        | Reached skill level 27 in Spellcasting
    76 | D        | Reached skill level 27 in Conjurations
    76 | D        | Reached skill level 27 in Earth Magic
    76 | D        | Reached skill level 27 in Evocations
    76 | D        | Killed a meat beast
    77 | D        | Reached skill level 27 in Summonings
    77 | D        | Reached skill level 27 in Fire Magic
    77 | D        | Reached skill level 27 in Ice Magic
    77 | D        | Reached skill level 27 in Air Magic
    77 | D        | Reached skill level 27 in Poison Magic
    77 | D        | Noticed a dread
    79 | D        | Reached skill level 27 in Throwing
    79 | D        | Noticed a large bag of meat
    80 | D        | Noticed a destroyer
    80 | D        | Killed a dread
    82 | D        | Killed a large bag of meat
    82 | D        | Noticed a destroyer
    82 | D        | Noticed a large bag of meat
    84 | D        | Noticed a large bag of meat
    85 | D        | Noticed a meat beast
    85 | D        | Noticed an accursed
    85 | D        | Noticed an accursed
    85 | D        | Killed a meat beast
    85 | D        | Noticed a tyrant
    86 | D        | Noticed a dread
    86 | D        | Noticed a dread
    88 | D        | Killed an accursed
    91 | D        | Killed a destroyer
    93 | D        | Killed an accursed
    94 | D        | Noticed a tyrant
    94 | D        | Killed a tyrant
    94 | D        | Killed a dread
    95 | D        | Noticed an accursed
    96 | D        | Noticed a dread
    97 | D        | Noticed a dread
    97 | D        | Noticed a tyrant
    97 | D        | Killed an accursed
    97 | D        | Noticed a meat beast
    99 | D        | Noticed a tyrant
    99 | D        | Noticed an accursed
   100 | D        | Killed a meat beast
   100 | D        | Noticed an accursed
   100 | D        | Noticed a tyrant
   101 | D        | Noticed an accursed
   101 | D        | Noticed an accursed
   101 | D        | Noticed an accursed
   101 | D        | Killed a dread
   101 | D        | Killed a dread
   101 | D        | Killed a tyrant
   101 | D        | Noticed a meat beast
   106 | D        | Noticed a dread
   106 | D        | Killed a tyrant
   106 | D        | Noticed a large bag of meat
   107 | D        | Killed an accursed
   107 | D        | Killed a tyrant
   107 | D        | Killed a meat beast
   108 | D        | Killed a tyrant
   108 | D        | HP: 2/266 [accursed/divine providence (16)]
   109 | D        | Killed a destroyer
   109 | D        | Killed an accursed
   110 | D        | Noticed a destroyer
   110 | D        | Killed an accursed
   110 | D        | Killed an accursed
   110 | D        | Killed a large bag of meat
   110 | D        | Noticed a meat beast
   111 | D        | Killed a dread
   112 | D        | Noticed a destroyer
   113 | D        | Killed a meat beast
   114 | D        | Killed a destroyer
   114 | D        | Killed a destroyer
   115 | D        | Noticed a tyrant
   115 | D        | Noticed a tyrant
   115 | D        | Killed a dread
   115 | D        | Killed an accursed
   115 | D        | Noticed an accursed
   115 | D        | Noticed a tyrant
   115 | D        | HP: 12/266 [observer/divine providence (16)]
   115 | D        | Noticed a meat beast
   115 | D        | Killed from afar by an accursed

Illustrated notes

Levels and vault maps discovered:
D:        meatsprint

Skill      XL: |  1  2  3  4  5  6  7  8  9 10 11 12 13 14 15 16 17 18 19 20 21 22 23 24 25 26 27 |
---------------+----------------------------------------------------------------------------------+-----
Axes           | 24 27 | 27.0
Fighting       | 9 27 | 27.0
Maces & Flails | 5 13 16 23 26 27 | 27.0
Armour         | 4 11 13 19 22 24 27 | 27.0
Dodging        | 4 11 13 20 22 24 27 | 27.0
Stealth        | 4 10 12 18 20 23 27 | 27.0
Short Blades   | 3 8 11 14 16 18 20 22 27 | 27.0
Long Blades    | 3 8 11 14 16 18 20 22 27 | 27.0
Polearms       | 3 8 10 13 15 17 19 20 27 | 27.0
Staves         | 3 8 11 14 16 18 20 22 27 | 27.0
Ranged Weapons | 4 10 13 16 19 21 23 25 27 | 27.0
Throwing       | 3 6 9 11 12 14 16 17 27 | 27.0
Shields        | 3 8 10 13 15 17 18 20 27 | 27.0
Conjurations   | 3 8 10 13 14 17 18 20 27 | 27.0
Hexes          | 3 8 11 14 16 18 20 22 27 | 27.0
Summonings     | 3 7 9 12 14 16 17 19 27 | 27.0
Necromancy     | 3 8 11 14 16 18 20 22 27 | 27.0
Transmutations | 3 8 11 14 16 18 20 22 27 | 27.0
Fire Magic     | 3 7 9 12 13 15 17 18 27 | 27.0
Ice Magic      | 3 7 9 12 13 16 17 19 27 | 27.0
Air Magic      | 3 7 9 12 13 15 17 18 27 | 27.0
Earth Magic    | 3 8 10 13 15 17 19 20 27 | 27.0
Poison Magic   | 3 7 9 12 14 15 17 19 27 | 27.0
Invocations    | 4 9 12 15 17 20 22 23 27 | 27.0
Evocations     | 3 8 10 13 15 17 18 20 27 | 27.0
Unarmed Combat | 4 9 11 14 16 18 20 22 27 | 27.0
Spellcasting   | 4 8 10 13 15 17 19 20 27 | 27.0
Translocations | 4 9 12 14 16 18 20 22 27 | 27.0

Action                   |  1- 3 |  4- 6 |  7- 9 | 10-12 | 13-15 | 16-18 | 19-21 | 22-24 | 25-27 || total
-------------------------+-------+-------+-------+-------+-------+-------+-------+-------+-------++-------
Melee: Executioner's axe |     1 |       |       |     2 |     4 |     6 |    10 |    12 |    61 ||    96
Throw: Boomerang         |     1 |       |       |       |       |       |       |       |       ||     1
 Abil: Rolling Charge    |     1 |       |       |     1 |       |     2 |     2 |     3 |    24 ||    33
Armor: Leather armour    |       |       |       |       |       |     1 |       |       |     6 ||     7
Dodge: Dodged            |       |       |       |       |       |       |       |     1 |     3 ||     4
